Workbook
Name dette: [1]ATD!$D$6
Name dette: #REF!
Name Majoration: [1]ATD!$F$5
Name Majoration: #REF!
Name nb_personne: [1]ATD!$D$3
Name nb_personne: #REF!
Name salaire: [1]ATD!$D$5
Name salaire: #REF!

Sheet Données Sociales
A1: PRINCIPALES COTISATIONS SOCIALES AU 01/01/2019 | D1: Conditions | E1: Bases | F1: Tx Part Sal | G1: Tx Part Pat
A2: URSSAF | B2: Sécurité Sociale | C2: Assurance maladie,maternité veuvage | E2: Sbrut (ST) | G2: 0.07
C3: Assurance maladie,maternité veuvage Compl | D3: Salaire > 2,5 SMIC | E3: Sbrut (ST) | G3: 0.06
C4: CSA | E4: Sbrut (ST) | G4: 0.003
C5: Accident du Travail AT | D5: Tx Variable | E5: Sbrut (ST) | G5: 0
C6: Vieillesse Plafonnée | E6: TA / T1 /PMSS | F6: 0.069 | G6: 0.0855
C7: Vieillesse Déplafonnée | E7: Sbrut (ST) | F7: 0.004 | G7: 0.019
C8: Allocation familiale | E8: Sbrut (ST) | G8: 0.0345
C9: Complément AF | D9: Salaire > 3,5 SMIC | E9: Sbrut (ST) | G9: 0.018
B10: Autres Contributions | C10: FNAL | D10: Effectif - de 20 Salariés | E10: TA / T1 /PMSS | G10: 0.001
C11: FNAL déplafonnée (≥ à 20 Salariés) | D11: Effectif ≥ 20 Salariés | E11: Sbrut (ST) | G11: 0.005
C12: Transport (V.T) | D12: Effectif ≥ 11 Salariés | E12: Sbrut (ST) | G12: Variable URSSAF
C13: Contribution Dialogue Social CDS | E13: Sbrut (ST) | G13: 0.00016
C14: Réduction Générale RG | D14: Salaire < 1,6 SMIC | E14: Sbrut (ST)
C15: Réduction Heures Supp | D15: Effectif < 20 Salariés ETP | E15: Nbre HS | G15: 1.5
C16: Forfait Social Prévoyance (F.S Prèv) | D16: Effectif ≥ 11 Salariés | E16: Base FS Prévoy | G16: 0.08
C17: Forfait Social | E17: Base Fs | G17: 20% - 16% - 8%
C18: CSG déductible | E18: Base CGS / CRDS | F18: 0.068
C19: CSG/CRDS non déductible | E19: Base CGS / CRDS | F19: 0.029
B20: Pôle emploi | C20: Assurance Chômage TA + TB | E20: TA + TB (4 PMSS) | F20: 0 | G20: 0.0405
C21: AGS | E21: TA + TB (4 PMSS) | G21: 0.0015
A22: Régime Unifié | B22: Cadre et Non Cadre | C22: Retraite T1 | E22: T1 | F22: 0.0315 | G22: 0.0472
C23: Retraite T2 | E23: T2 | F23: 0.0864 | G23: 0.1295
C24: Contribution d'équilibre Général T1 (CEG) | E24: T1 | F24: 0.0086 | G24: 0.0129
C25: Contribution d'équilibre Général T2 (CEG) | E25: T2 | F25: 0.0108 | G25: 0.0162
C26: Contribution d'équilibre Technique (CET) | D26: Salaire > PMSS | E26: T1 + T2 | F26: 0.0014 | G26: 0.0021
B27: Cadre | C27: Apec | D27: CADRE | E27: TA + TB (4 PMSS) | F27: 0.00024 | G27: 0.00036
A28: Prévoyance | B28: Prévoyance | C28: Assurance décés | E28: TA | G28: 0.015
A29: SIE | B29: OPCA | C29: Participation Formation (PFC) | D29: Effectif >= à 11 Salariés | E29: Sbrut (ST) | G29: 0.01
C30: Participation Formation (PFC) | D30: Effectif <= à 10 Salariés | E30: Sbrut (ST) | G30: 0.0055
C31: Taxe d'apprentissage (Tapp) | D31: 0 % pour 2019 | E31: Sbrut (ST) | G31: 0.0068
C32: Participation Construction (E.C) | D32: Effectif ≥ 20 Salariés | E32: Sbrut (ST) | G32: 0.0045

Sheet Bulletin de Paie
A1: Bulletin de Paie du mois de
A2: Nom / Prénom | E2: =Renseignements!I3 -> Bric à Brac
A3: =Renseignements!C6 -> 58 rue de Marseille 33000 Bordeaux | E3: =Renseignements!I4 -> 33000 Bordeaux
A4: Emploi | C4: =Renseignements!C7 -> 1720347052010 33 | E4: ="Code NAF : "&Renseignements!I5 -> Code NAF : 12345
A5: ="Statue : "&Renseignements!C9 -> Statue : Cadre | C5: ="Niveau : "&Renseignements!C10 -> Niveau : | E5: ="Siret : "&Renseignements!I6 -> Siret : 123456789
A6: ="Echelon : "&Renseignements!C11 -> Echelon : | C6: =Renseignements!C12 -> CDI
A7: Période de travail | C7: =Renseignements!C18 -> Du 01 au 30 Avril 2017 | E7: ="Convention collective : "&Renseignements!I7 -> Convention collective : Comptable
A8: Désignation | E8: Base | F8: Taux | G8: Montant | H8: Etablissement
A9: Salaire de Base | E9: =Calculs!F5 -> 151.66667 | F9: =Calculs!C5 -> 24.395604 | G9: =E9*F9 -> 3700 | H9: Convention collective ou Congés payés Art L 3141-3 et s. du code du travail; Préavis: Art L-1237-1 L-1234-1 et s. du code du travail
A10: Retenue pour Absence Maladie | G10: -1409.52
A11: Complément employeur | G11: 475.71
A12: IJSS Brutes | G12: -180.05
A13: Heures Complémentaires à 10% | E13: =Calculs!E19 -> 0 | F13: =Calculs!F21 -> 26.835165 | G13: =E13*F13 -> 0
A14: Heures Complémentaires à 25% | E14: =Calculs!F19 -> 0 | F14: =Calculs!F23 -> 30.494505 | G14: =E14*F14 -> 0
A15: Heures Suppplémentaires à 25% | E15: =Calculs!C19 -> 0 | F15: =Calculs!C21 -> 30.494505 | G15: =E15*F15 -> 0
A16: Heures Suppplémentaires à 50% | E16: =Calculs!D19 -> 0 | F16: =Calculs!C23 -> 36.593407 | G16: =E16*F16 -> 0
A17: Avantage nature | E17: =Calculs!F8 -> 0 | F17: =Calculs!C9 -> 0 | G17: =E17*F17 -> 0
A18: Prime d'anciennetée | E18: =Calculs!I33 -> 3700 | F18: =Calculs!J33 -> 0 | G18: =E18*F18 -> 0
A19: Retenue Absence non rémunérée | G19: =-(E19*F19) -> 0
A20: Régul sur salaire janvier à Mars
A21: Régul sur heures sup
A22: Retenue de Congé Payé
A23: Indemnité de Congé Payé | G23: =E23*F23 -> 0
A24: Salaire Brut | G24: =SUM(G9:G23) -> 2586.14
A25: Cotisations et contributions sociales | E25: Base | F25: Taux Salarié | G25: Part Salarié | H25: Part Employeur | I25: Taux Patronal
A26: SANTÉ
A27: Sécurité sociale - Maladie Maternité Invalidité Décés | E27: =$G$24 -> 2586.14 | H27: =E27*I27 -> 181.0298 | I27: =IF(Calculs!E42>Calculs!E50,'Données Sociales'!G2+'Données Sociales'!G3,'Données Sociales'!G2) -> 0.07
A28: Complémentaire - incapacité Invalidité Décés T1 | E28: =IF($G$24>Calculs!J5,Calculs!J5,'Bulletin de Paie'!G24) -> 2586.14 | F28: =Calculs!D30 -> 0 | G28: =E28*F28 -> 0 | H28: =E28*I28 -> 38.7921 | I28: =IF(Calculs!$C$2="Non Cadre",Calculs!E30,1.5%) -> 0.015
A29: Complémentaire - incapacité Invalidité Décés T2 | E29: =IF($G$24>Calculs!$J$5,Calculs!E43,0) -> 0 | F29: =Calculs!D32 -> 0.007 | G29: =E29*F29 -> 0 | H29: =E29*I29 -> 0 | I29: =Calculs!E32 -> 0.009
A30: Complémentaire - santé | E30: =Calculs!C28 -> 90 | F30: =Calculs!D28 -> 0.5 | G30: =E30*F30 -> 45 | H30: =E30*I30 -> 45 | I30: =Calculs!E28 -> 0.5
A31: Accident du travail - Maladie Professionnelles | E31: =$G$24 -> 2586.14 | H31: =E31*I31 -> 28.44754 | I31: =Calculs!J16 -> 0.011
A32: RETRAITE
A33: Sécurité sociale - Plafonnée | E33: =Calculs!$E$42 -> 2589.03 | F33: ='Données Sociales'!F6 -> 0.069 | G33: =E33*F33 -> 178.64307 | H33: =E33*I33 -> 221.36207 | I33: ='Données Sociales'!G6 -> 0.0855
A34: Sécurité sociale - Déplafonnée | E34: =Calculs!$E$42+Calculs!$E$43 -> 2586.14 | F34: ='Données Sociales'!F7 -> 0.004 | G34: =E34*F34 -> 10.34456 | H34: =E34*I34 -> 49.13666 | I34: ='Données Sociales'!G7 -> 0.019
A35: Complémentaire tranche 1 | E35: =Calculs!$E$42 -> 2589.03 | F35: =IF(Calculs!E38>Calculs!E39,'Données Sociales'!F22+'Données Sociales'!F24+'Données Sociales'!F26,'Données Sociales'!F22+'Données Sociales'!F24) -> 0.0415 | G35: =E35*F35 -> 107.44475 | H35: =E35*I35 -> 155.6007 | I35: =IF($G$24>Calculs!E37,'Données Sociales'!$G$22+'Données Sociales'!$G$24+'Données Sociales'!$G$26,'Données Sociales'!$G$22+'Données Sociales'!$G$24) -> 0.0601
A36: Complémentaire tranche 2 | E36: =IF($G$24>Calculs!$J$5,Calculs!E43,"") | F36: =IF(Calculs!$E$36>Calculs!$E$37,'Données Sociales'!$F$23+'Données Sociales'!$F$25+'Données Sociales'!$F$26,'Données Sociales'!$F$23+'Données Sociales'!$F$25) -> 0.0972 | H36: =IF($E$36="","",$E$36*$I$36) | I36: =IF(Calculs!$E$36>Calculs!$E$37,'Données Sociales'!$G$23+'Données Sociales'!$G$25+'Données Sociales'!$G$26,'Données Sociales'!$G$23+'Données Sociales'!$G$25) -> 0.1457
A37: Supplémentaire
A38: FAMILLE | E38: =$G$24 -> 2586.14 | H38: =E38*I38 -> 89.22183 | I38: =IF($G$24>Calculs!$E$51,'Données Sociales'!$G$8+'Données Sociales'!$G$9,'Données Sociales'!$G$8) -> 0.0345
A39: Assurance Chômage
A40: Chômage | E40: =$G$24 -> 2586.14 | H40: =E40*I40 -> 108.61788 | I40: ='Données Sociales'!$G$20+'Données Sociales'!$G$21 -> 0.042
A41: APEC | E41: =IF(Calculs!$C$2="Non Cadre","",Calculs!$E$42) -> 2589.03 | F41: =IF(Calculs!$C$2="Non Cadre","",'Données Sociales'!$F$27) -> 0.00024 | G41: =IF($E$41="","",$E$41*$F$41) -> 0.6213672 | H41: =IF($E$41="","",$E$41*$I$41) -> 0.9320508 | I41: =IF(Calculs!$C$2="Non Cadre",0%,'Données Sociales'!$G$27) -> 0.00036
A42: Autre contributions dues par l'employeur | E42: =$G$24 -> 2586.14 | H42: =Calculs!$L$58 -> 117.0281 | I42: ='Données Sociales'!$G$4+'Données Sociales'!$G$13+Calculs!$J$19+Calculs!$J$20+Calculs!$J$21+Calculs!$J$23 -> 0.10266
A43: Cotisations statutaires ou prévues par la convention collective
A44: Exonération Heures complémentaires / Heures Supplémentaires | E44: =IF(SUM($G$13:$G$16)="","",SUM($G$13:$G$16)) -> 0 | F44: 0.1131 | G44: =-(E44*F44) -> 0
A45: CSG déductible de l'impôt sur le revenu | E45: =(Calculs!$E$36-Calculs!$F$25)*0.9825+'Bulletin de Paie'!$H$28+'Bulletin de Paie'!$H$29+'Bulletin de Paie'!$H$30 -> 2624.6746 | F45: ='Données Sociales'!F18 -> 0.068 | G45: =E45*F45 -> 178.47788
A46: CSG / CRDS Non déductible de l'impôt sur le revenu | E46: =(Calculs!$E$36-Calculs!$F$25)*0.9825+'Bulletin de Paie'!$H$28+'Bulletin de Paie'!$H$29+'Bulletin de Paie'!$H$30 -> 2624.6746 | F46: ='Données Sociales'!F19 -> 0.029 | G46: =E46*F46 -> 76.115565
A47: CSG /CRDS sur H.C / H.S Non déductible de l'impôt sur le revenu | E47: =IF(SUM($G$13:$G$16)="","",SUM($G$13:$G$16)*0.9825) -> 0 | F47: ='Données Sociales'!F18+'Données Sociales'!F19 -> 0.097 | G47: =E47*F47 -> 0
A48: Exonération de cotisations de l'employeur | H48: =-Calculs!K30 -> 0
A49: Total des cotisations et contributions | G49: =SUM($G$28:$G$48) -> 596.64718 | H49: =SUM($H$27:$H$48) -> 1035.1687
A50: Ticket restaurant | G50: =E50*F50 -> 0
A51: Avantage en Nature Logement | G51: =$G$17 -> 0
A52: Saisie sur salaire
A53: Net à payer avant impôts | G53: =$G$24-$G$49-$G$51-G52-G50 -> 1989.4928
A54: Dont évolution de la rémunération liée à la suppression des cotisations chômage et maladie. Gain sur pouvoir d'achat | H54: =$G$24*0.75%+SUM(Calculs!$E$42:$F$43)*2.4%-Calculs!$E$52*1.7% -> 36.843941
A55: Impôt sur le revenu | E55: Base | F55: Taux | G55: Montant
A56: Impôt sur le revenu prélevé à la source | E56: =$G$24-$G$49+$G$46+$G$47+$H$30-$E$44 -> 2110.6084 | F56: 0.075 | G56: =E56*F56 -> 158.29563
A57: Net Imposable : | C57: =G24+H30+G46+G47-E44-G49 -> 2110.6084 | E57: Net à Payé en Euros : | G57: =$G$53-$G$56 -> 1831.1972
A58: Allègement de cotisations Employeur : | D58: =Calculs!$K$30+IF(Calculs!$E$36<Calculs!$E$50,Calculs!$E$36*6%,0)+IF(Calculs!$E$36<Calculs!$E$51,Calculs!$E$36*1.8%,0) -> 201.71892 | E58: Total versé par l'employeur : | H58: =G24+H49 -> 3621.3087
A61: Dans votre intérêt, et pour vous aider à faire valoir vos droits, conservez ce bulletin de paye sans limitation de durée.

Sheet Renseignements
A2: Fiche Salarié | G2: Fiche Entreprise
G3: Nom/Raison sociale | I3: Bric à Brac
A4: Nom | C4: SOULAGES | G4: Adresse | I4: 33000 Bordeaux
A5: Prénom | C5: Jean | G5: Code NAF | I5: 12345
A6: Adresse | C6: 58 rue de Marseille 33000 Bordeaux | G6: Siret | I6: 123456789
A7: Nir | C7: 1720347052010 33 | G7: C.C.N | I7: Comptable
A8: Emploi | C8: Boulanger
A9: Statut | C9: Cadre | G9: Effectif | I9: 22
A10: Coefficient | G10: Tx AT | I10: 0.011
A11: Echelon | G11: Tx VT | I11: 0.02
A12: Type de contrat | C12: CDI | G12: Tx VT à utiliser | I12: =IF($I$9>=11,$I$11,0) -> 0.02
A13: Date d'entrée | C13: 43405 | G13: Tx Fnal | I13: =IF($I$9<20,'Données Sociales'!$G$10,'Données Sociales'!$G$11) -> 0.005
A14: Date de Sortie | G14: tx Effort de construction | I14: =IF($I$9>=20,'Données Sociales'!$G$32,0) -> 0.0045
A15: Salaire de Base | G15: tx Fcp | I15: =IF($I$9<=10,'Données Sociales'!$G$30,'Données Sociales'!$G$29) -> 0.01
A16: Ancienneté | G16: Tx Taxe Apprentissage | I16: 0
G17: Tx Forfait Social Prévoyance | I17: =IF($I$9>=11,'Données Sociales'!$G$16,0) -> 0.08
A18: Période de travail | C18: Du 01 au 30 Avril 2017 | G18: Coëf T | I18: =IF($I$9<20,0.2809,0.2849) -> 0.2849

Sheet Calculs
M1: PMSS 2019 | N1: 3377
A2: Statut | C2: Cadre | G2: Cadre | H2: Nbre de jrs réel du Mois | J2: 31 | M2: PMSS = 3377 * Heures Mensualiées + Heures Complémentaires / 151,6666667 * Jours de Présence Calendaire / Jours Calendaire Réel du Mois.
A3: Période de travail | C3: Du 01 au 30 Avril N | G3: Non Cadre | H3: Nbre de jrs de Présence | J3: 31 | M3: Mois Civils | N3: PMSS | O3: Heures Mensuelles | P3: Heures Compls | Q3: 151.66667 | R3: Jrs de Présence Calendaire | S3: Jrs Calendaire Réel du Mois | T3: PMSS Mensuel | U3: PMSS Cumulés
A4: Salaire de Base | C4: 3700 | D4: Heures Hebdo | F4: 35 | H4: Taux Horaire du Smic : | J4: 10.03
A5: Taux Horaire | C5: =$C$4/$F$5 -> 24.395604 | D5: Heures Mensualisées | F5: =F4*52/12 -> 151.66667 | H5: PMSS du Mois actuel : | J5: =3377*($F$5+$E$19+$F$19)/151.6666667*$J$3/$J$2 -> 3377 | M5: Janvier | N5: 3377 | O5: 151.66667 | P5: 0 | Q5: 151.66667 | R5: 29 | S5: 31 | T5: =$N$5*($O$5+$P$5)/$Q$5*$R$5/$S$5 -> 3159.129 | U5: =$T$5 -> 3159.129
M6: Février | N6: 3377 | O6: 151.66667 | P6: 0 | Q6: 151.66667 | R6: 28 | S6: 28 | T6: =$N$6*($O$6+$P$6)/$Q$6*$R$6/$S$6 -> 3377 | U6: =$U$5+$T$6 -> 6536.129
A7: Avantage Nature Logement | H7: Retenue pour Absence | M7: Mars | N7: 3377 | O7: 151.66667 | P7: 0 | Q7: 151.66667 | R7: 31 | S7: 31 | T7: =$N$7*($O$7+$P$7)/$Q$7*$R$7/$S$7 -> 3377 | U7: =$U$6+$T$7 -> 9913.129
A8: Salaire de Référence | C8: 0 | D8: Montant par pièce | F8: 0 | H8: Nbre d'heures absence | J8: 0 | M8: Avril | N8: 3377 | O8: 151.66667 | P8: 0 | Q8: 151.66667 | R8: 30 | S8: 30 | T8: =$N$8*($O$8+$P$8)/$Q$8*$R$8/$S$8 -> 3377 | U8: =$U$7+$T$8 -> 13290.129
A9: Nbre de pièces | C9: 0 | D9: Montant Av Nat Log | F9: =F8*C9 -> 0 | H9: Nbre d'heures du mois | J9: 161 | M9: Mai | N9: 3377 | O9: 151.66667 | P9: 0 | Q9: 151.66667 | R9: 31 | S9: 31 | T9: =$N$9*($O$9+$P$9)/$Q$9*$R$9/$S$9 -> 3377 | U9: =$U$8+$T$9 -> 16667.129
A10: Taux Horaire HS/HC : | C10: =IF($C$9=0,0,(C4+F9)/F5) -> 0 | H10: Salaire avec absence | J10: ='Bulletin de Paie'!G24 -> 2586.14 | M10: Juin | N10: 3377 | O10: 151.66667 | P10: 0 | Q10: 151.66667 | R10: 30 | S10: 30 | T10: =$N$10*($O$10+$P$10)/$Q$10*$R$10/$S$10 -> 3377 | U10: =$U$9+$T$10 -> 20044.129
H11: salaire sans absence | J11: =('Bulletin de Paie'!$G$24-'Bulletin de Paie'!$G$10) -> 3995.66 | M11: Juillet | N11: 3377 | O11: 151.66667 | P11: 0 | Q11: 151.66667 | R11: 31 | S11: 31 | T11: =$N$11*($O$11+$P$11)/$Q$11*$R$11/$S$11 -> 3377 | U11: =$U$10+$T$11 -> 23421.129
A12: Calcul Heures supplémentaires Heures Complémentaires | H12: Montant de la retenue | J12: =J11*J8/J9 -> 0 | M12: Août | N12: 3377 | O12: 151.66667 | P12: 0 | Q12: 151.66667 | R12: 31 | S12: 31 | T12: =$N$12*($O$12+$P$12)/$Q$12*$R$12/$S$12 -> 3377 | U12: =$U$11+$T$12 -> 26798.129
B13: H Effectuées | C13: Nbre HS 25% | D13: Nbre HS 50% | E13: Nbre HC 10% | F13: Nbre HC 25% | M13: Septembre | N13: 3377 | O13: 151.66667 | P13: 0 | Q13: 151.66667 | R13: 30 | S13: 30 | T13: =N$13*($O$13+$P$13)/$Q$13*$R$13/$S$13 -> 3377 | U13: =$U$12+$T$13 -> 30175.129
A14: sem 1 | H14: Variables | M14: Octobre | N14: 3377 | O14: 151.66667 | P14: 0 | Q14: 151.66667 | R14: 29 | S14: 31 | T14: =$N$14*($O$14+$P$14)/$Q$14*$R$14/$S$14 -> 3159.129 | U14: =$U$13+$T$14 -> 33334.258
A15: sem 2 | H15: Effectif | J15: 22 | M15: Novembre | N15: 3377 | O15: 151.66667 | P15: 0 | Q15: 151.66667 | R15: 30 | S15: 30 | T15: =$N$15*($O$15+$P$15)/$Q$15*$R$15/$S$15 -> 3377 | U15: =$U$14+$T$15 -> 36711.258
A16: sem 3 | H16: Tx AT | J16: 0.011 | M16: Décembre | N16: 3377 | O16: 151.66667 | P16: 0 | Q16: 151.66667 | R16: 31 | S16: 31 | T16: =$N$16*($O$16+$P$16)/$Q$16*$R$16/$S$16 -> 3377 | U16: =$U$15+$T$16 -> 40088.258
A17: sem 4 | H17: Tx VT | J17: 0.02
A18: sem 5 | H18: Tx VT à utiliser | J18: =IF($J$15>=11,$J$17,0) -> 0.02 | M18: Smic Applicable : | O18: 1521,22 en 2019 pour 35 heures hebdo
A19: Total | C19: =SUM(C14:C18) -> 0 | D19: =SUM(D14:D18) -> 0 | E19: =SUM(E14:E18) -> 0 | F19: =SUM(F14:F18) -> 0 | H19: Tx Fnal | J19: =IF($J$15<20,'Données Sociales'!$G$10,'Données Sociales'!$G$11) -> 0.005 | M19: Smic Applicable = Heures Mensualiées * (Salaire avec absence / salaire sans absence) * Taux Smic + (Nbre HC ou HS * Taux Smic).
H20: tx Effort de construction | J20: =IF($J$15>=20,'Données Sociales'!$G$32,0) -> 0.0045 | M20: Mois Civils | N20: Heures Mensuelles | O20: Salaire avec Absence | P20: Salaire sans Absence | Q20: Taux du Smic | R20: Nombres HC ou HS | S20: Taux du Smic | T20: Smic Applicable | U20: Smic App Cumulé
A21: Taux HS 25% | C21: =IF(C10=0,C5*1.25,C10*1.25) -> 30.494505 | D21: Taux HC 10% | F21: =IF($C$10=0,$C$5*1.1,$C$10*1.1) -> 26.835165 | H21: tx Fcp | J21: =IF($J$15<=10,'Données Sociales'!$G$30,'Données Sociales'!$G$29) -> 0.01
A22: Montant HS 25% | C22: =C21*C19 -> 0 | D22: Montant HC 10% | F22: =F21*E19 -> 0 | H22: Tx Taxe Apprentissage | J22: 0 | M22: Janvier | N22: 151.66667 | O22: 3378 | P22: 3700 | Q22: 10.03 | R22: 0 | S22: 10.03 | T22: =$N$22*($O$22/$P$22)*$Q$22+($R$22*$S$22) -> 1388.8297 | U22: =$T$22 -> 1388.8297
A23: Taux HS 50% | C23: =IF($C$10=0,$C$5*1.5,$C$10*1.5) -> 36.593407 | D23: Taux HC 25% | F23: =IF($C$10=0,$C$5*1.25,$C$10*1.25) -> 30.494505 | H23: Tx Fs Prév | J23: =IF($J$15>=11,'Données Sociales'!$G$16,0) -> 0.08 | M23: Février | N23: 151.66667 | O23: 3700 | P23: 3700 | Q23: 10.03 | R23: 0 | S23: 10.03 | T23: =$N$23*($O$23/$P$23)*$Q$23+($R$23*$S$23) -> 1521.2167 | U23: =$U$22+$T$23 -> 2910.0464
A24: Montant HS 50% | C24: =C23*D19 -> 0 | D24: Montant HC 25% | F24: =F23*F19 -> 0 | H24: Coëf T | J24: =IF($J$15<20,0.2809,0.2849) -> 0.2849 | K24: 0 | M24: Mars | N24: 151.66667 | O24: 3700 | P24: 3700 | Q24: 10.03 | R24: 0 | S24: 10.03 | T24: =$N$24*($O$24/$P$24)*$Q$24+($R$24*$S$24) -> 1521.2167 | U24: =$U$23+$T$24 -> 4431.263
A25: Montant des HS/HC sans Avantage Nature Logement : | F25: =F22+F24+C22+C24 -> 0 | M25: Avril | N25: 151.66667 | O25: 3700 | P25: 3700 | Q25: 10.03 | R25: 0 | S25: 10.03 | T25: =$N$25*($O$25/$P$25)*$Q$25+($R$25*$S$25) -> 1521.2167 | U25: =$U$24+$T$25 -> 5952.4797
H26: Loi Fillon (RG Mois) : | K26: Montant | M26: Mai | N26: 151.66667 | O26: 3700 | P26: 3700 | Q26: 10.03 | R26: 0 | S26: 10.03 | T26: =$N$26*($O$26/$P$26)*$Q$26+($R$26*$S$26) -> 1521.2167 | U26: =$U$25+$T$26 -> 7473.6964
A27: Frais de santé | C27: Base | D27: Taux Sal | E27: Taux Pat | K27: =$E$49 -> 0 | M27: Juin | N27: 151.66667 | O27: 3700 | P27: 3700 | Q27: 10.03 | R27: 0 | S27: 10.03 | T27: =$N$27*($O$27/$P$27)*$Q$27+($R$27*$S$27) -> 1521.2167 | U27: =$U$26+$T$27 -> 8994.913
A28: Mutuelle | C28: 90 | D28: 0.5 | E28: 0.5 | H28: Tepa | I28: Nbre HS/HC | J28: Taux | K28: Montant | M28: Juillet | N28: 151.66667 | O28: 3700 | P28: 3700 | Q28: 10.03 | R28: 0 | S28: 10.03 | T28: =$N$28*($O$28/$P$28)*$Q$28+($R$28*$S$28) -> 1521.2167 | U28: =$U$27+$T$28 -> 10516.13
A29: Montant Mutuelle | D29: =$C$28*$D$28 -> 45 | E29: =$C$28*$E$28 -> 45 | I29: =C19+D19+E19+F19 -> 0 | J29: 1.5 | K29: =IF(Calculs!J15>20,0,$I$29*$J$29) -> 0 | M29: Août | N29: 151.66667 | O29: 3700 | P29: 3700 | Q29: 10.03 | R29: 0 | S29: 10.03 | T29: =$N$29*($O$29/$P$29)*$Q$29+($R$29*$S$29) -> 1521.2167 | U29: =$U$28+$T$29 -> 12037.346
A30: Prevoyance T1 | C30: ='Bulletin de Paie'!G24 -> 2586.14 | D30: 0 | E30: 0.015 | H30: Exonérat° de cotisat° Employeur : | K30: =($K$27+$K$29) -> 0 | M30: Septembre | N30: 151.66667 | O30: 3700 | P30: 3700 | Q30: 10.03 | R30: 0 | S30: 10.03 | T30: =$N$30*($O$30/$P$30)*$Q$30+($R$30*$S$30) -> 1521.2167 | U30: =$U$29+$T$30 -> 13558.563
A31: Montant prèv T1 | D31: =C30*D30 -> 0 | E31: =C30*E30 -> 38.7921 | M31: Octobre | N31: 151.66667 | O31: 3700 | P31: 3700 | Q31: 10.03 | R31: 0 | S31: 10.03 | T31: =$N$31*($O$31/$P$31)*$Q$31+($R$31*$S$31) -> 1521.2167 | U31: =$U$30+$T$31 -> 15079.78
A32: Prevoyance T2 | C32: 0 | D32: 0.007 | E32: 0.009 | H32: Ancienneté | I32: Base | J32: Taux | K32: Montant | M32: Novembre | N32: 151.66667 | O32: 3700 | P32: 3700 | Q32: 10.03 | R32: 0 | S32: 10.03 | T32: =$N$32*($O$32/$P$32)*$Q$32+($R$32*$S$32) -> 1521.2167 | U32: =$U$31+$T$32 -> 16600.996
A33: Montant prèv T2 | D33: =C32*D32 -> 0 | E33: =C32*E32 -> 0 | I33: =C4+F25 -> 3700 | J33: 0 | K33: =I33*J33 -> 0 | M33: Décembre | N33: 151.66667 | O33: 3700 | P33: 3700 | Q33: 10.03 | R33: 0 | S33: 10.03 | T33: =$N$33*($O$33/$P$33)*$Q$33+($R$33*$S$33) -> 1521.2167 | U33: =$U$32+$T$33 -> 18122.213
A35: Variables Salarié | C35: M-1 | E35: M | N35: IJSS MALADIE NON PROFESSIONNELLE
A36: Salaire Brut | C36: 3700 | E36: ='Bulletin de Paie'!$G$24 -> 2586.14
A37: PMSS Mois | C37: 3377 | E37: 2589.03 | H37: Jours Feriés 2019 | J37: Jours Feriés 2020 | N37: Salaire habituel | Q37: 3700 | T37: Temps plein | U37: 35
A38: Salaire Cumulé | C38: 11278 | E38: =$C$38+$E$36 -> 13864.14 | H38: Mardi 1er Janvier | J38: Mercredi 1er Janvier | N38: Ancienneté | Q38: =DATEDIF(Q39,Q43,"y") -> 16
A39: PMSS Cumulé | C39: =Calculs!U7 -> 9913.129 | E39: =$C$39+$E$37 -> 12502.159 | H39: Lundi 22 Avril | J39: Lundi 13 Avril | N39: Date d'Entrée | Q39: 37514 | T39: Jours fériés 2019
A40: T1 Cumulé | C40: =IF($C$38>$C$39,$C$39,$C$38) -> 9913.129 | E40: =IF($E$38>$E$39,$E$39,$E$38) -> 12502.159 | H40: Mercredi 1er Mai | J40: Vendredi 1er Mai | T40: 43466
A41: T2 Cumulé | C41: =IF($C$38>$C$39,$C$38-$C$39,0) -> 1364.871 | E41: =IF($E$38>$E$39,$E$38-$E$39,0) -> 1361.981 | H41: Mercredi 8 Mai | J41: Vendredi 8 Mai | N41: ABSENCE MALADIE | T41: 43577
A42: T1 Bulletin | E42: =$E$40-$C$40 -> 2589.03 | H42: jeudi 30 Mai | J42: Jeudi 21 Mai | N42: Mois | Q42: 43556 | T42: 43586
A43: T2 Bulletin | E43: =$E$41-$C$41 -> -2.89 | H43: Lundi 10 Juin | J43: Lundi 1er Juin | N43: Date de début | Q43: 43573 | T43: 43593
A44: Smic Applicable | C44: 1521.22 | E44: 1521.22 | H44: Dimanche 14 Juillet | J44: Mardi 14 Juillet | N44: Date de fin | Q44: 43583 | T44: 43615
A45: Smic Appl Cumulé | C45: 4431.26 | E45: =$C$45+$E$44 -> 5952.48 | H45: jeudi 15 Août | J45: Samedi 15 Août | N45: Nbre de jours ouvrés du Mois | Q45: =NETWORKDAYS($Q$42,EDATE($Q$42,1)+1,T40:U50) -> 22 | T45: 43626
A46: Limite RG (1,6 * Smic) | C46: =1.6*$C$45 -> 7090.016 | E46: =1.6*$E$45 -> 9523.968 | H46: vendredi 1er Novembre | J46: Dimanche 1er Novembre | N46: Nbre d'heures à travaillées | Q46: =$Q$45*7 -> 154 | T46: 43660
A47: Coëf RG | C47: =IF($C$46<$C$38,0,IF(Calculs!$K$24=0,Calculs!$J$24/0.6*($C$46/$C$38-1),Calculs!$K$24/0.6*($C$46/$C$38-1))) -> 0 | E47: =IF($C$46<$C$38,0,IF(Calculs!$K$24=0,Calculs!$J$24/0.6*($E$46/$E$38-1),Calculs!$K$24/0.6*($E$46/$E$38-1))) -> 0 | H47: Lundi 11 Novembre | J47: Mercredi 11 Novembre | N47: Nbre de jours ouvrés Absent | Q47: =NETWORKDAYS($Q$43,$Q$44,$T$40:$U$50) -> 6 | T47: 43692
A48: RG cumulé | C48: =IF($C$47<0,0,$C$38*$C$47) -> 0 | E48: =IF($E$47<0,0,$E$38*$E$47) -> 0 | H48: Mercredi 25 Décembre | J48: Vendredi 25 Décembre | N48: Nbre d'heures d'absence | Q48: =$Q$47*7 -> 42 | T48: 43770
A49: RG Bulletin | E49: =$E$48-$C$48 -> 0 | N49: Retenue Absence | Q49: =-(Q37*Q48/Q46) -> -1009.0909 | T49: 43780
A50: 2,5 * Smic | E50: =2.5*$E$44 -> 3803.05 | H50: Autre contrib | J50: Base | K50: Taux | L50: Montant | N50: Nbre de jours calendaire d'arret | Q50: =$Q$44-$Q$43+1 -> 11 | T50: 43824
A51: 3,5 * Smic | E51: =3.5*$E$44 -> 5324.27 | H51: CSA | J51: ='Bulletin de Paie'!$G$24 -> 2586.14 | K51: ='Données Sociales'!$G$4 -> 0.003 | L51: =$J$51*$K$51 -> 7.75842 | N51: Carence en jour calendaire CPAM | Q51: 3
A52: CSG /CRDS | E52: =($E$36-$F$25)*0.9825+SUM('Bulletin de Paie'!$H$28:$H$30) -> 2624.6746 | H52: CDS | J52: ='Bulletin de Paie'!$G$24 -> 2586.14 | K52: ='Données Sociales'!$G$13 -> 0.00016 | L52: =$J$52*$K$52 -> 0.4137824 | N52: Carence Employeur en jrs calendaire | Q52: 7
A53: FS Prévoyance | E53: =SUM('Bulletin de Paie'!$H$28:$H$30) -> 83.7921 | H53: FNAL | J53: ='Bulletin de Paie'!$G$24 -> 2586.14 | K53: =Calculs!$J$19 -> 0.005 | L53: =$J$53*$K$53 -> 12.9307
H54: Verssement Transport | J54: ='Bulletin de Paie'!$G$24 -> 2586.14 | K54: =Calculs!$J$18 -> 0.02 | L54: =$J$54*$K$54 -> 51.7228 | N54: SALAIRE DE REFERENCE | U54: IJSS Journalières : | X54: =50%*$R$61/91.25 -> 45.011342
H55: Effort de Construction | J55: ='Bulletin de Paie'!$G$24 -> 2586.14 | K55: =Calculs!$J$20 -> 0.0045 | L55: =$J$55*$K$55 -> 11.63763 | N55: Salaire brut des trois derniers mois civils avant l'arrêt maladie. | U55: IJSS Brutes : | X55: =$X$54*($Q$50-$Q$51) -> 360.09074
H56: Format° Pro Continue | J56: ='Bulletin de Paie'!$G$24 -> 2586.14 | K56: =Calculs!$J$21 -> 0.01 | L56: =$J$56*$K$56 -> 25.8614 | N56: LIMITE : 1,8 * Smic = 2738,19 € pour 2019 | U56: IJSS Nettes : | X56: =$X$55*0.933 -> 335.96466
H57: Fs (Prévoyance) | J57: ='Bulletin de Paie'!$H$28+'Bulletin de Paie'!$H$29+'Bulletin de Paie'!$H$30 -> 83.7921 | K57: =Calculs!$J$23 -> 0.08 | L57: =$J$57*$K$57 -> 6.703368 | N57: Mois | P57: Salaire Brut | R57: Salaire à retenir | U57: Taux du complément Légal Employeur | X57: 0.9
H58: Total autres Contributions | L58: =SUM($L$51:$L$57) -> 117.0281 | N58: Mois Absence -1 | P58: 3700 | R58: =IF(P58>2738.19,2738.19,P58) -> 2738.19 | U58: Complément Employeur légal : | X58: =IF(Q38<1,0,$X$57*$Q$37*($Q$50-$Q$52)/$Q$45) -> 605.45455
N59: Mois Absence -2 | P59: 4200 | R59: =IF(P59>2738.19,2738.19,P59) -> 2738.19 | U59: IJSS Brutes pdt Compl Employeur : | X59: =IF(Q38<1,0,-$X$54*($Q$50-$Q$52)) -> -180.04537
N60: Mois Absence -3 | P60: 3378 | R60: =IF(P60>2738.19,2738.19,P60) -> 2738.19 | W60: Salaire Brut | X60: =$Q$37+$Q$49+$X$58+$X$59 -> 3116.3183
N61: Salaire de Référence : | R61: =SUM(R58:S60) -> 8214.57
N70: IJSS MALADIE NON PROFESSIONNELLE AVEC SUBROGATION

Sheet Note de travail
A1: Salaire de base
A2: Prime d'ancienneté :
A3: Retenue Entrée :
A4: Retenue sortie :
A5: Retenue pour absence :
A6: Taux Horaire | C6: 24.395604
A15: Absence CP du : 01/01 au : 02/01
A16: Maintien :
A17: 10ème :
A18: ICCP (N-1)
A19: Maintien :
A20: 10ème :
A21: ICCP (N)
A22: Maintien :
A23: 10ème :
A34: salaire brut
A40: Salaire Brut
A41: PMSS Mois
... A59: Base AF Bulletin
A60: Frais de Santé | C60: Part Salarié
C61: Part Patronal
A62: Prévoyance T1 | C62: Part Salarié
C63: Part Patronal
A64: Prévoyance T2 | C64: Part Salarié
C65: Part Patronal
A71: CSG /CRDS
A72: Forfait Social Prévoyance

Sheet Tx PAS
A2: Grille de taux par défaut applicable aux contribuables domiciliés en métropole en 2019
A4: Base mensuelle de prélèvement | F4: Taux applicable
A5: Inférieure à 1 404 € | F5: 0
A6: Supérieure ou égale à 1 404 € et inférieure à 1 457 € | F6: 0.005
A7: Supérieure ou égale à 1 457 € et inférieure à 1 551 € | F7: 0.015
A8: Supérieure ou égale à 1 551 € et inférieure à 1 656 € | F8: 0.025
A9: Supérieure ou égale à 1 656 € et inférieure à 1 769 € | F9: 0.035
A10: Supérieure ou égale à 1 769 € et inférieure à 1 864 € | F10: 0.045
A11: Supérieure ou égale à 1 864 € et inférieure à 1 988 € | F11: 0.06
A12: Supérieure ou égale à 1 988 € et inférieure à 2 578 € | F12: 0.075
A13: Supérieure ou égale à 2 578 € et inférieure à 2 797 € | F13: 0.09
A14: Supérieure ou égale à 2 797 € et inférieure à 3 067 € | F14: 0.105
A15: Supérieure ou égale à 3 067 € et inférieure à 3 452 € | F15: 0.12
A16: Supérieure ou égale à 3 452 € et inférieure à 4 029 € | F16: 0.14
... A24: Supérieure ou égale à 47 717 € | F24: 0.43
